 Dungeon Crawl Stone Soup version 0.18.1-8-gdd0e5ea (webtiles) character file.

28 GordonOverkill the Chopper (level 3, 0/29 HPs)
             Began as a Formicid Abyssal Knight on May 24, 2016.
             Was a Follower of Lugonu.
             Killed by nerve-wracking pain
             ... invoked by Jessica
              (14 damage)
             ... on level 2 of the Dungeon.
             The game lasted 00:03:56 (1864 turns).

GordonOverkill the Chopper (FoAK)                   Turns: 1864, Time: 00:03:57

Health: 0/29       AC:  5    Str: 17    XL:     3   Next: 27%
Magic:  4/4        EV: 10    Int: 11    God:    Lugonu [*.....]
Gold:   63         SH:  0    Dex: 10    Spells: 0 memorised, 2 levels left

rFire  . . .     SeeInvis +     a - +1 hand axe
rCold  + . .     Gourm    .     j - +0 ring mail
rNeg   . . .     Faith    .     (no shield)
rPois  .         Spirit   .     (helmet unavailable)
rElec  .         Dismiss  .     (no cloak)
rCorr  .         Reflect  .     (no gloves)
SustAt .         Harm     .     (no boots)
MR     .....                    (no amulet)
Stlth  ..........               (no ring)
                                i - ring of protection from cold

@: not resistant to hostile enchantments, extremely unstealthy
A: permanent stasis, dig shafts and tunnels, four strong arms, antennae 3
a: Dig, Shaft Self, Depart the Abyss, Renounce Religion


You were on level 2 of the Dungeon.
You worshipped Lugonu.
Lugonu was aware of your devotion.
You were not hungry.

You visited 1 branch of the dungeon, and saw 2 of its levels.
You visited the Abyss 1 time.

You collected 63 gold pieces.

Inventory:

Hand Weapons
 a - a +1 hand axe (weapon)
Armour
 j - a +0 ring mail (worn)
Jewellery
 i - a ring of protection from cold (left hand)
Scrolls
 b - a scroll of fog {unknown}
 d - 2 scrolls of recharging {unknown}
 g - a scroll of magic mapping {unknown}
 h - a scroll of identify {unknown}
 l - a scroll of remove curse {unknown}
 n - a scroll of noise {unknown}
 p - a scroll of blinking {unknown}
Potions
 e - a potion of ambrosia {unknown}
 k - a potion of magic {unknown}
 o - a potion of flight {unknown}
 q - 2 potions of agility {unknown}
Comestibles
 c - 2 bread rations
 f - 3 meat rations
 m - a chunk of flesh


   Skills:
 - Level 3.2 Fighting
 + Level 3.5 Axes
 - Level 2.1 Armour
 - Level 0.8 Dodging
 - Level 2.1 Invocations


You had 2 spell levels left.
You didn't know any spells.

Dungeon Overview and Level Annotations

Branches:
Dungeon (2/15)

Altars:

Annotations:
D:2 Jessica


Innate Abilities, Weirdness & Mutations

You are under a permanent stasis effect.
You can dig through walls and to a lower floor.
Your four strong arms can wield two-handed weapons with a shield.
You have a pair of large antennae on your head (SInv).


Message History

You kill the rat!
Lugonu accepts your kill.
No target in view!
No target in view!
No target in view!
You now have 63 gold pieces (gained 3).
q - 2 metallic grey potions Some of the chunks of flesh in your inventory have rotted away.
You open the door.
Jessica the Apprentice Sorceress comes into view.
She is wielding a dagger.
Jessica gestures wildly while chanting.
Jessica seems to speed up.
You start waiting.
Jessica casts a spell at you. Pain shoots through your body!
Jessica hits you with a dagger.
You barely miss Jessica. Jessica closely misses you.
You closely miss Jessica. Jessica casts a spell at you.
Pain shoots through your body!
You die...

.# #.........#
.######## #.........#
........# #.........#
.######.###.........#
.## #..##.........#
..# ##.##..[......#
#.######..#.........#
....................+
{
####.####.......@...#
.# #.# ##.######@###
.# #.# #.# #.# .# #.#
#.## #'# .# #.# #..#
... .###.######.#
#...# ........# #.#
#...# ........# #.##
#...# #.......# #..#
#...#


You could see Jessica.

Vanquished Creatures
  3 dart slugs
  A giant cockroach (D:2)
  2 goblins (D:1)
  5 hobgoblins (D:1)
  2 kobolds
  3 bats (D:1)
  5 rats
21 creatures vanquished.

Notes
Turn   | Place    | Note
--------------------------------------------------------------
     0 | Abyss:1  | GordonOverkill the Formicid Abyssal Knight began the quest for the Orb.
     0 | Abyss:1  | Reached XP level 1. HP: 18/18 MP: 2/2
    31 | Abyss:1  | Noticed a spatial vortex
    36 | Abyss:1  | Noticed a spatial vortex
    41 | Abyss:1  | Noticed a tormentor
    45 | D:1      | Escaped the Abyss
   525 | D:1      | Reached XP level 2. HP: 7/24 MP: 3/3
  1362 | D:1      | Reached * piety under Lugonu
  1414 | D:1      | Reached XP level 3. HP: 29/29 MP: 4/4
  1856 | D:2      | Noticed Jessica
  1864 | D:2      | Killed from afar by Jessica

Skill      XL: |  1  2 |
---------------+-------+-----
Axes           | 3 |  3.5
Fighting       | |  3.2
Armour         | |  2.1
Dodging        | |  0.8
Invocations    | |  2.1

Action                   || total
-------------------------++-------
Melee: Hand axe          ||    72
Invok: Depart the Abyss  ||     1
  Eat: Chunk             ||     3
Armor: Leather armour    ||    15
       Ring mail         ||    15
Dodge: Dodged            ||    38
